 Dungeon Crawl Stone Soup version 0.20-a0-949-g916514f (webtiles) character file.

121398 Hybris the Warrior (level 16, -2/196 HPs)
             Began as a Barachi Summoner on Apr 4, 2017.
             Was the Champion of Hepliaklqana.
             Slain by a ghost moth (4 damage)
             ... on level 4 of the Spider Nest.
             The game lasted 05:20:00 (47062 turns).

Hybris the Warrior (Barachi Summoner)              Turns: 47062, Time: 05:20:00

Health: -2/196     AC: 20    Str: 14 (16) XL:     16   Next: 84%
Magic:  0/30       EV: 14    Int: 17 (20) God:    Hepliaklqana [******]
Gold:   327        SH:  7    Dex: 13 (16) Spells: 2/36 levels left

rFire    + + +     SeeInvis .   a - +10 quick blade "Wuriphoy" {pierce, rN+}
rCold    + . .     Gourm    .   i - +2 buckler
rNeg     + + .     Faith    +   q - +5 pearl dragon scales "Xisaepp" {rF++ rN+ rCorr Stlth-}
rPois    +         Spirit   .   r - +1 helmet
rElec    .         Reflect  .   Y - scarf {rC+}
rCorr    +         Harm     .   p - +0 pair of gloves
MR       +....                  L - +0 pair of boots
Stlth    ..........             y - amulet of faith
Regen    0.5/turn               Z - ring of poison resistance
MPRegen  0.3/turn               b - ring of protection from fire

@: berserking (expiring), lethally poisoned (-2 -> -16), can't hop, quick
A: +LOS, swims, reduced essence, claws 1, hooves 1, rugged brown scales 1, agile
1, slowness 1, strong legs 2
a: Hop, Recall Ancestor, Ancestor Identity, Transference, Idealise, Renounce
Religion


You were on level 4 of the Spider Nest.
You worshipped Hepliaklqana.
Hepliaklqana was exalted by your worship.
You were very hungry.

You visited 5 branches of the dungeon, and saw 28 of its levels.

You collected 2666 gold pieces.
You spent 2339 gold pieces at shops.

Inventory:

Hand Weapons
 a - the +10 quick blade "Wuriphoy" (weapon) {pierce, rN+}
   (You took it off a big kobold on level 8 of the Dungeon)

   It inflicts extra damage upon your enemies.
   It protects you from negative energy.
 z - the +1 morningstar of the Eternal Void {crush, Int+3 Dex+4}
   (You bought it in a shop on level 6 of the Dungeon)

   It inflicts extra damage upon your enemies.
   It affects your intelligence (+3).
   It affects your dexterity (+4).
 P - the +3 rapier "Rotuokhlo" {holy, Dex+3}
   (You found it on level 6 of the Lair of Beasts)

   It has been blessed by the Shining One to cause great damage to the undead
   and demons.
   It affects your dexterity (+3).
Armour
 i - a +2 buckler (worn)
 p - a +0 pair of gloves (worn)
 q - the +5 pearl dragon scales "Xisaepp" (worn) {rF++ rN+ rCorr Stlth-}
   (You bought it in a shop on level 6 of the Dungeon)

   It greatly protects you from fire.
   It protects you from negative energy.
   It protects you from acid and corrosion.
   It makes you less stealthy.
 r - a +1 helmet (worn)
 I - the +1 leather armour of the Present {Dex+7 Slay+3}
   (You found it on level 7 of the Dungeon)

   It affects your dexterity (+7).
   It affects your accuracy and damage with ranged weapons and melee attacks
   (+3).
 L - a +0 pair of boots (worn)
 Y - a scarf of cold resistance (worn)
Jewellery
 b - a ring of protection from fire (right hand)
 y - an amulet of faith (around neck)
 C - a +3 ring of intelligence
 R - a +3 ring of protection
 U - a cursed ring of loudness
 Z - a ring of poison resistance (left hand)
Wands
 g - a wand of paralysis (10/24)
 t - a wand of confusion (43/48)
 w - a wand of lightning (7/15)
 x - a wand of iceblast (10/15)
 O - a wand of disintegration (24/24)
 Q - a wand of iceblast (5/15)
 S - a wand of flame (27/48)
 V - a wand of acid (7/15)
 X - a wand of enslavement (14/24)
Scrolls
 f - a scroll of blinking
 h - 6 scrolls of enchant weapon
 n - 4 scrolls of identify
 o - 2 scrolls of teleportation
 s - 3 scrolls of remove curse
 H - 6 scrolls of enchant armour
 T - a scroll of summoning {unknown}
Potions
 d - 4 potions of curing
 e - a potion of berserk rage
 j - a potion of haste
 k - 2 potions of lignification
 l - 3 potions of brilliance
 m - a potion of agility
 u - a potion of might
 A - 3 potions of flight
 B - a potion of mutation
 F - a potion of magic
 G - 4 potions of ambrosia
 K - 3 potions of cancellation
Books
 J - a book of Summonings

   Spells                             Type                      Level
   a - Recall                         Summoning/Translocation      3
   b - Aura of Abjuration             Summoning                    5
   c - Summon Demon                   Summoning                    5
   d - Summon Forest                  Summoning/Translocation      5
   e - Summon Mana Viper              Hexes/Summoning              5
   f - Shadow Creatures               Summoning                    6
 N - a book of Enchantments

   Spells                             Type                      Level
   a - Cause Fear                     Hexes                        4
   b - Yara's Violent Unravelling     Hexes/Transmutation          5
   c - Silence                        Hexes/Air                    5
   d - Deflect Missiles               Charms/Air                   6
   e - Discord                        Hexes                        8
Comestibles
 c - 6 bread rations
 v - 8 meat rations
 D - 19 fruits
 E - 12 royal jellies
 M - 3 chunks of flesh


   Skills:
 + Level 17.2 Fighting
 + Level 10.5 Short Blades
 - Level 1.9 Maces & Flails
 - Level 12.2 Dodging
 - Level 1.7 Stealth
 - Level 6.6 Shields
 - Level 10.5 Spellcasting
 * Level 16.4 Summonings
 - Level 5.0 Translocations
 - Level 4.8 Ice Magic
 - Level 5.5 Air Magic
 - Level 7.0 Invocations


You had 2 spell levels left.
You knew the following spells:

 Your Spells              Type           Power        Failure   Level  Hunger
a - Summon Demon          Summ           ######....   1%          5    #####..
b - Call Imp              Summ           ######..     1%          2    None
d - Summon Guardian Gole  Hex/Summ       #####...     8%          3    None
e - Summon Lightning Spi  Summ/Air       #####...     6%          4    ###....
f - Summon Ice Beast      Ice/Summ       #####...     10%         4    ###....
g - Swiftness             Chrm/Air       ###.....     28%         2    None
h - Shadow Creatures      Summ           N/A          10%         6    ######.
i - Recall                Summ/Tloc      N/A          1%          3    None
j - Summon Forest         Summ/Tloc      #####.....   21%         5    #####..


Dungeon Overview and Level Annotations

Branches:
Dungeon (15/15)            Temple (1/1) D:4            Lair (6/6) D:11
 Shoals (0/4) Lair:2       Spider (4/4) Lair:4        Slime (0/5) Lair:5
    Orc (2/2) D:12            Elf (0/3) Orc:2        Vaults (0/5) D:14
 Depths (0/5) D:15

Altars:
Ashenzari
Cheibriados
Dithmenos
Elyvilon
Fedhas
Gozag
Hepliaklqana
Kikubaaqudgha
Makhleb
Nemelex Xobeh
Okawaru
Qazlal
Ru
Sif Muna
Trog
Uskayaw
Vehumet
Wu Jian
Xom
Yredelemnul
Zin
The Shining One
Beogh

Shops:
D:6 ![}[*   D:10 :   D:13 *   D:15 !   Orc:2 %[*(=

Annotations:
Lair:6 1 exclusion


Innate Abilities, Weirdness & Mutations

Shadows flee at your approach. (+LOS)
You can swim through water.
You cover ground slowly.
You can hop longer distances.
Your life essence is reduced. (-10% HP)
You have sharp fingernails.
You have large cloven feet.
You are partially covered in rugged brown scales. (AC +1, +3% HP)
You are agile. (Dex +2)


Message History

You are too berserk!
You hit the emperor scorpion.
The emperor scorpion is moderately wounded.
* * * LOW HITPOINT WARNING * * *
You feel sick. The emperor scorpion stings you.
* * * LOW HITPOINT WARNING * * *
The emperor scorpion closely misses you.
The emperor scorpion claws you.
* * * LOW HITPOINT WARNING * * *
You closely miss the emperor scorpion.
The emperor scorpion is moderately wounded.
You barely miss the emperor scorpion.
The emperor scorpion is moderately wounded.
You feel you are being watched by something.
You feel your power leaking away. Something hits you but does no damage.
Something hits you.
* * * LOW HITPOINT WARNING * * *
You feel clumsy. Something stings you.
You die...

###..#≈...^≈#^..####
#####...≈#.....≈#...^..#
#........#.....≈#......#
#........#...^.≈#....^.#
##^......#...^.^#^....^#
####
#..............^.....##
#...
#≈....^.....R^......≈#
##...
#......#...††s#.....##
#....
#......#....@{#..:..#
###..
#......#.....^#^....#
##.#.^
#≈....^#≈....^#.....#
##.....
#......#....^##....##
#......
#......#.....#^...≈#
#^.....
#......#^....#....≈#
##.....
##.....#.....#...^.#
#......
#.....#≈....#.^.^##
##......
#.^^.^#.....#...^#
#.....<.


You could see the friendly Dr. Culocane the knight and an emperor scorpion.

Vanquished Creatures
  A ghost moth (Spider:4)
  An emperor scorpion (Spider:4)
  An entropy weaver (Spider:4)
  A spark wasp (Spider:4)
  A hydra (Lair:4)
  A two-headed ogre (D:11)
  A centaur warrior (D:13)
  3 death yaks
  2 orc high priests (Orc:2)
  Nergalle (D:12)
  Sonja (Lair:1)
  11 wolf spiders
  An orc sorcerer (Orc:2)
  4 orb spiders
  An ugly thing (D:14)
  4 elephants (Lair:6)
  4 centaur zombies
  4 black mambas
  A kobold demonologist (D:14)
  4 spiny frogs
  A torpor snail (Lair:3)
  2 komodo dragons
  9 demonic crawlers
  10 jumping spiders
  A hornet (Spider:4)
  2 polar bears
  8 blink frogs
  A dream sheep (Lair:6)
  7 hippogriffs
  21 redbacks
  2 wraiths
  13 tarantellas
  A basilisk (Lair:6)
  14 yaks
  2 vampire mosquitoes (D:13)
  3 wargs
  An acid dragon (D:15)
  5 water moccasins
  3 porcupines
  14 orc warriors
  An ice beast (D:14)
  A black bear (Lair:4)
  4 centaurs
  3 phantoms
  3 wolves
  2 sky beasts
  3 ogres
  7 crocodiles
  20 bullfrogs
  4 scorpions
  A killer bee (D:10)
  3 crimson imps
  A jelly (D:8)
  A quasit (D:10)
  A bullfrog zombie (D:12)
  2 hounds (D:12)
  A bullfrog skeleton (D:13)
  5 orc priests
  8 orc wizards
  6 worker ants
  A hell rat (Lair:5)
  2 hound zombies
  A worker ant zombie (D:8)
  3 gnolls (D:8)
  4 adders
  6 river rats (Lair:5)
  3 shadow imps
  An adder zombie (D:6)
  2 worms
  A dart slug (D:2)
  A leopard gecko (D:4)
  23 orcs
  A ball python (D:3)
  A bat (D:2)
  A giant cockroach (D:7)
  A goblin (D:4)
  3 quokkas
  A jackal skeleton (D:6)
  7 kobolds
  A leopard gecko skeleton (D:4)
  A quokka skeleton (D:7)
  2 rats
  A fungus (Lair:5)
  A plant (Lair:6)
314 creatures vanquished.

Vanquished Creatures (collateral kills)
  Arachne (Spider:4)
  A ghost moth (Spider:3)
  2 orc warlords (Orc:2)
  An emperor scorpion (Spider:3)
  4 entropy weavers
  An ettin (Orc:2)
  Harold (Lair:2)
  Fannar (D:11)
  5 hydras
  A catoblepas (Lair:6)
  8 centaur warriors
  7 two-headed ogres
  A deep troll shaman (Lair:6)
  3 tengu warriors
  An ogre mage (D:15)
  2 orc high priests
  6 death yaks
  A skeletal warrior (D:14)
  An unseen horror (D:11)
  An obsidian statue (D:14)
  A lindwurm (Lair:6)
  The ghost of Malvoorn the Fighter, a novice DsAK of Lugonu (D:7)
  A necromancer (D:14)
  4 orc knights
  A wolf spider zombie (D:14)
  10 wolf spiders
  2 oklob plants (Lair:5)
  15 orb spiders
  4 cyclopes
  6 orc sorcerers
  5 slime creatures
  6 ugly things
  7 elephants
  4 manticores
  A torpor snail (Spider:2)
  A black mamba (shapeshifter) (D:13)
  An ice statue (Spider:2)
  A spiny frog (Lair:6)
  A naga mage (D:15)
  3 gargoyles
  Psyche (D:12)
  2 rime drakes
  2 rime drakes (shapeshifter)
  A yaktaur (D:15)
  An efreet (D:13)
  9 demonic crawlers
  4 kobold demonologists (D:14)
  4 komodo dragons
  11 jumping spiders
  A queen bee (Spider:3)
  3 tengu conjurers
  6 hornets
  3 meliai (Spider:3)
  8 trolls
  A harpy skeleton (D:15)
  A meliai zombie (D:13)
  6 blink frogs
  A raiju (shapeshifter) (D:14)
  4 hippogriffs
  A centaur simulacrum (D:15)
  A shadow (D:14)
  A vampire (D:12)
  41 redbacks
  25 yaks
  2 basilisks
  18 tarantellas
  A wraith (D:11)
  3 wyverns
  A human (D:10)
  A hungry ghost (D:14)
  3 vampire mosquitoes
  2 wargs (Orc:2)
  3 acid dragons
  2 soldier ants (D:8)
  Duvessa (D:4)
  Edmund (D:5)
  7 water moccasins
  3 porcupines
  2 hell hounds (D:11)
  4 ice beasts
  35 orc warriors
  2 hornet zombies
  4 sky beasts
  A black bear (Lair:6)
  3 necrophages
  An eye of draining (D:7)
  A phantom (D:14)
  11 wolves
  9 ogres
  6 crocodiles
  21 centaurs
  6 big kobolds
  4 bullfrogs
  Dowan (D:4)
  9 scorpions
  A water moccasin skeleton (D:8)
  24 killer bees
  A vampire bat (Orc:1)
  21 wights
  8 howler monkeys
  3 crimson imps
  A centaur zombie (D:10)
  26 orc priests
  4 hounds
  2 bullfrog skeletons
  4 centaur skeletons
  5 jellies
  42 orc wizards
  Jessica (D:3)
  Ijyb (D:4)
  4 iguanas
  2 knights
  7 worker ants
  8 hell rats (Lair:5)
  A killer bee zombie (D:5)
  3 hound skeletons
  A hound zombie (D:5)
  A worker ant zombie (D:10)
  Robin (D:4)
  11 gnolls
  13 adders
  2 river rats (Lair:5)
  A shadow imp (D:5)
  3 oozes
  An adder skeleton (D:7)
  5 worms
  A dart slug (D:3)
  3 leopard geckos
  83 orcs
  6 giant cockroaches
  13 goblins
  11 hobgoblins
  4 jackals
  18 kobolds
  4 quokkas
  A ball python (D:1)
  17 bats
  3 frilled lizards (D:2)
  A leopard gecko zombie (D:3)
  10 rats
  A bush (Lair:6)
  A fungus (Lair:5)
  11 plants
826 creatures vanquished.

Vanquished Creatures (others)
  A death yak (Lair:4)
  An orb spider (Spider:4)
  An ugly thing (D:13)
  A wolf spider (Spider:4)
  A naga mage (D:15)
  The ghost of Malvoorn the Skirmisher, an amateur DsGl (D:4)
  A blink frog (Lair:4)
  A spatial vortex (Spider:4)
  An orc wizard (Orc:2)
  2 ancestors
  30 knights
  A fungus (Lair:4)
  29 plants
  A snaplasher vine (Orc:2)
72 creatures vanquished.

Grand Total: 1212 creatures vanquished

Notes
Turn   | Place    | Note
-------+----------+-------------------------------------------
     0 | D:1      | Hybris the Barachi Summoner began the quest for the Orb.
     0 | D:1      | Reached XP level 1. HP: 13/13 MP: 3/3
   379 | D:1      | Reached skill level 5 in Summonings
   605 | D:1      | Reached XP level 2. HP: 16/19 MP: 0/5
   613 | D:1      | Learned a level 2 spell: Call Imp
  2274 | D:2      | Reached XP level 3. HP: 22/24 MP: 2/6
  2328 | D:2      | Learned a level 3 spell: Call Canine Familiar
  2814 | D:2      | Found an iron altar of Okawaru.
  3590 | D:3      | Reached XP level 4. HP: 30/30 MP: 0/8
  4162 | D:3      | Reached XP level 5. HP: 21/35 MP: 2/10
  4282 | D:3      | Learned a level 3 spell: Summon Guardian Golem
  4293 | D:3      | Noticed Jessica
  4312 | D:3      | Killed Jessica
  5482 | D:3      | Reached XP level 6. HP: 40/41 MP: 3/11
  5648 | D:4      | Noticed Duvessa
  5656 | D:4      | Noticed Dowan
  5672 | D:4      | Killed Duvessa
  5672 | D:4      | Killed Dowan
  6667 | D:4      | Noticed Malvoorn's ghost (amateur DsGl)
  7086 | D:4      | Killed Malvoorn's ghost
  7086 | D:4      | Reached XP level 7. HP: 26/46 MP: 0/13
  7671 | D:4      | Found a staircase to the Ecumenical Temple.
  7705 | D:4      | Noticed Ijyb
  7736 | D:4      | Killed Ijyb
  7768 | D:4      | Learned a level 4 spell: Summon Lightning Spire
  7987 | D:4      | Noticed Robin
  8009 | D:4      | Killed Robin
  8256 | D:4      | Found a glowing silver altar of Zin.
  8431 | Temple   | Entered the Ecumenical Temple
  8476 | Temple   | Became a worshipper of Hepliaklqana the Forgotten
  8553 | D:5      | Entered Level 5 of the Dungeon
  8633 | D:5      | Reached skill level 1 in Fighting
  8633 | D:5      | Reached skill level 1 in Air Magic
  8744 | D:5      | Reached skill level 2 in Fighting
  8774 | D:5      | Reached skill level 5 in Spellcasting
  8970 | D:5      | Noticed Edmund
  9015 | D:5      | Killed Edmund
  9455 | D:6      | Found Unow's Assorted Antiques.
  9467 | D:6      | Bought a blackened morningstar for 216 gold pieces
  9467 | D:6      | Identified the cursed +1 morningstar of the Eternal Void {crush, Int+3 Dex+4} (You bought it in a shop on level 6 of the Dungeon)
  9504 | D:6      | Reached * piety under Hepliaklqana
  9577 | D:6      | Reached XP level 8. HP: 38/51 MP: 1/15
  9839 | D:6      | Found a white marble altar of Elyvilon.
  9939 | D:6      | Found Tovar's Distillery.
  9956 | D:6      | Reached skill level 3 in Fighting
 10123 | D:6      | Bought a potion of heal wounds for 70 gold pieces
 10123 | D:6      | Bought a potion of flight for 42 gold pieces
 10129 | D:6      | Learned a level 4 spell: Summon Ice Beast
 10202 | D:6      | Found Xedut's Gadget Emporium.
 10286 | D:6      | Found Beawnas's Antique Armour Shop.
 10723 | D:6      | Found Zecon's Antique Armour Emporium.
 10870 | D:7      | Reached ** piety under Hepliaklqana
 10871 | D:7      | Remembered your ancestor Dr. Culocane as a knight
 10931 | D:7      | Reached skill level 4 in Fighting
 11029 | D:7      | Got a topaz-encrusted leather armour
 11036 | D:7      | Reached skill level 5 in Dodging
 11050 | D:7      | Identified the +1 leather armour of the Present {Dex+7 Slay+3} (You found it on level 7 of the Dungeon)
 11059 | D:7      | Noticed Malvoorn's ghost (novice DsAK)
 11346 | D:7      | Killed Malvoorn's ghost
 11346 | D:7      | Reached skill level 5 in Fighting
 11346 | D:7      | Reached XP level 9. HP: 61/61 MP: 5/16
 11446 | D:7      | Reached skill level 5 in Air Magic
 11616 | D:7      | Got a faintly humming ring mail
 11618 | D:7      | Identified the +1 ring mail of a bazaar {rElec rF++ Str+2 Dex-2} (You found it on level 7 of the Dungeon)
 11678 | D:7      | Noticed a gargoyle
 11694 | D:7      | Killed a gargoyle
 12277 | D:8      | Reached skill level 6 in Fighting
 12283 | D:8      | Reached *** piety under Hepliaklqana
 12448 | D:8      | Noticed a troll
 12455 | D:8      | Killed a troll
 12599 | D:8      | Found a shattered altar of Ashenzari.
 12606 | D:8      | Found an iron altar of Okawaru.
 12611 | D:8      | Found a blossoming altar of Fedhas.
 12618 | D:8      | Found a shadowy altar of Dithmenos.
 12623 | D:8      | Found a radiant altar of Vehumet.
 12630 | D:8      | Found an ornate altar of the Wu Jian Council.
 12635 | D:8      | Found a burning altar of Makhleb.
 12650 | D:8      | Noticed a tengu warrior
 12673 | D:8      | Killed a tengu warrior
 12706 | D:8      | Reached XP level 10. HP: 30/69 MP: 12/18
 12710 | D:8      | Got a jewelled quick blade {pierce}
 12891 | D:8      | Identified the +10 quick blade "Wuriphoy" {pierce, rN+} (You took it off a big kobold on level 8 of the Dungeon)
 13232 | D:8      | Reached skill level 7 in Fighting
 14132 | D:9      | Reached skill level 10 in Summonings
 14862 | D:10     | Entered Level 10 of the Dungeon
 14862 | D:10     | Found Hutoucao's Book Shoppe.
 15353 | D:10     | Noticed a two-headed ogre
 15362 | D:10     | Killed a two-headed ogre
 15362 | D:10     | Reached skill level 8 in Fighting
 15463 | D:10     | Reached **** piety under Hepliaklqana
 15932 | D:10     | Found a runed door.
 15937 | D:10     | Found a basalt altar of Yredelemnul.
 16460 | D:10     | Reached skill level 9 in Fighting
 16696 | D:10     | Reached skill level 1 in Invocations
 16733 | D:11     | Found a staircase to the Lair.
 16845 | D:11     | Noticed a brown ugly thing
 16859 | D:11     | Killed a brown ugly thing
 16859 | D:11     | Reached XP level 11. HP: 80/80 MP: 16/21
 16866 | D:11     | Learned a level 2 spell: Swiftness
 17086 | D:11     | Reached ***** piety under Hepliaklqana
 17442 | D:11     | Noticed a two-headed ogre
 17470 | D:11     | Killed a two-headed ogre
 17475 | D:11     | Reached skill level 10 in Dodging
 17476 | D:11     | Reached skill level 10 in Fighting
 17712 | D:11     | Killed an unseen horror
 18364 | D:12     | You fall through a shaft for 3 floors!
 18364 | D:15     | Entered Level 15 of the Dungeon
 18427 | D:15     | Noticed a two-headed ogre
 18459 | D:15     | Killed a two-headed ogre
 18942 | D:15     | Noticed a soul eater
 18951 | D:15     | Noticed an orc sorcerer
 18953 | D:15     | Noticed an orc sorcerer
 19236 | D:14     | Noticed a manticore
 19541 | D:14     | Killed a manticore
 19541 | D:14     | Reached skill level 11 in Fighting
 19638 | D:14     | Noticed a tengu warrior
 19667 | D:14     | Killed a tengu warrior
 19732 | D:14     | Noticed an obsidian statue
 19753 | D:14     | Killed an obsidian statue
 19872 | D:14     | Noticed a cyclops
 19891 | D:14     | Reached XP level 12. HP: 66/90 MP: 6/24
 20260 | D:14     | Noticed a centaur warrior
 20993 | D:13     | Noticed a centaur warrior
 21009 | D:13     | Killed a centaur warrior
 21165 | D:13     | Noticed a centaur warrior
 21179 | D:13     | Killed a centaur warrior
 21179 | D:13     | Reached skill level 12 in Fighting
 21843 | D:13     | Found Maw Emmo's Assorted Antiques.
 21929 | D:13     | Noticed a centaur warrior
 21940 | D:13     | Killed a centaur warrior
 22005 | D:13     | Noticed a four-headed hydra
 22022 | D:13     | Killed a four-headed hydra
 22201 | D:13     | Noticed a centaur warrior
 22214 | D:13     | Reached skill level 5 in Invocations
 22843 | D:12     | Noticed Psyche
 22854 | D:12     | Killed Psyche
 23300 | D:12     | Found a staircase to the Orcish Mines.
 23437 | D:12     | Gained mutation: You can hop longer distances. [Barachi growth]
 23437 | D:12     | Reached XP level 13. HP: 98/98 MP: 25/25
 23623 | D:12     | Reached skill level 13 in Fighting
 24353 | D:12     | Noticed Nergalle
 24430 | D:12     | Killed Nergalle
 24793 | D:12     | Reached skill level 1 in Shields
 24979 | D:11     | Noticed Fannar
 24998 | D:11     | Killed Fannar
 25068 | D:11     | Reached skill level 1 in Ice Magic
 26561 | D:14     | Found a gate to the Vaults.
 27326 | D:15     | Reached skill level 14 in Fighting
 28326 | D:15     | Found a staircase to the Depths.
 28334 | D:15     | Reached XP level 14. HP: 108/108 MP: 12/27
 28478 | D:15     | Reached skill level 10 in Spellcasting
 28622 | D:15     | Found Boyshreadip's Distillery.
 28627 | D:15     | Bought a potion of haste for 140 gold pieces
 28627 | D:15     | Bought a potion of ambrosia for 112 gold pieces
 28627 | D:15     | Gained mutation: You are partially covered in rugged brown scales. (AC +1, +3% HP) [potion of mutation]
 28627 | D:15     | Gained mutation: You have large cloven feet. [potion of mutation]
 28627 | D:15     | Gained mutation: You are agile. (Dex +2) [potion of mutation]
 28627 | D:15     | Gained mutation: You have sharp fingernails. [potion of mutation]
 28849 | Orc:1    | Entered Level 1 of the Orcish Mines
 28944 | Orc:1    | Found a roughly hewn altar of Beogh.
 29159 | Orc:2    | Entered Level 2 of the Orcish Mines
 29159 | Orc:2    | Found a staircase to the Elven Halls.
 29667 | Orc:2    | Found Voph's Food Shoppe.
 29707 | Orc:2    | Paralysed by an orc sorcerer for 2 turns
 30184 | Lair:1   | Entered Level 1 of the Lair of Beasts
 30253 | D:14     | Reached skill level 1 in Maces & Flails
 30768 | Lair:1   | Reached skill level 1 in Short Blades
 31012 | Lair:1   | Noticed Sonja
 31021 | Lair:1   | Killed Sonja
 32190 | Lair:2   | Noticed Harold
 32207 | Lair:2   | Killed Harold
 32237 | Lair:2   | Found a staircase to the Shoals.
 32253 | Lair:2   | Reached skill level 5 in Short Blades
 32848 | Lair:3   | Reached ****** piety under Hepliaklqana
 34379 | Lair:4   | Found a hole to the Spider Nest.
 34471 | Lair:4   | Reached skill level 5 in Shields
 35063 | Lair:5   | Found a staircase to the Slime Pits.
 35667 | Lair:6   | Entered Level 6 of the Lair of Beasts
 35739 | Lair:6   | Reached skill level 15 in Fighting
 36108 | Lair:6   | Reached XP level 15. HP: 118/119 MP: 18/29
 36502 | Lair:6   | Learned a level 6 spell: Shadow Creatures
 36506 | Lair:6   | Learned a level 3 spell: Recall
 36512 | Lair:6   | Learned a level 5 spell: Summon Forest
 36760 | Lair:6   | Reached skill level 1 in Translocations
 37086 | Lair:6   | Got a smoking rapier
 37090 | Lair:6   | Identified the +3 rapier "Rotuokhlo" {holy, Dex+3} (You found it on level 6 of the Lair of Beasts)
 38303 | Orc:2    | Noticed an orc warlord
 38876 | Orc:2    | Killed an orc warlord
 39441 | Orc:2    | Noticed an orc warlord
 39492 | Orc:2    | Killed an orc warlord
 39492 | Orc:2    | Reached skill level 5 in Translocations
 39677 | Orc:2    | Found Loask's General Store.
 39678 | Orc:2    | Found Coanufro's Jewellery Shoppe.
 39682 | Orc:2    | Found Cerif's Antique Armour Emporium.
 39682 | Orc:2    | Found Ciav's Antique Weapon Emporium.
 40055 | Spider:1 | Entered Level 1 of the Spider Nest
 40306 | Spider:1 | Reached skill level 16 in Fighting
 40823 | D:6      | Bought spiked pearl dragon scales for 1759 gold pieces
 40823 | D:6      | Identified the +5 pearl dragon scales "Xisaepp" {rF++ rN+ rCorr Stlth-} (You bought it in a shop on level 6 of the Dungeon)
 41341 | Spider:1 | Learned a level 5 spell: Summon Demon
 42082 | Spider:2 | Found a frozen archway.
 43062 | Spider:3 | Reached XP level 16. HP: 88/128 MP: 16/30
 43500 | Spider:3 | Reached skill level 15 in Summonings
 44322 | Spider:4 | Entered Level 4 of the Spider Nest
 45497 | Spider:4 | Noticed Arachne
 45659 | Spider:4 | Killed Arachne
 45659 | Spider:4 | Reached skill level 10 in Short Blades
 46029 | Spider:4 | Reached skill level 17 in Fighting
 47060 | Spider:4 | HP: 8/196 [emperor scorpion (5)]
 47062 | Spider:4 | HP: 2/196 [something (6)]
 47062 | Spider:4 | Slain by a ghost moth

Vault maps used:
D:1:      kilobyte_arrival_exit_the_forest
D:2:      okawaru_trees_2
D:3:      minmay_diamond_boxcup, grunt_ministairs_4, feat_on_display,
          uniq_jessica
D:4:      marbit_many_paths, minmay_temple_entry_trees, first_bread, uniq_robin,
          uniq_iyjb, uniq_duvessa
D:5:      serial_curves, eino_curves_01, eino_curves_04,
          corexii_leaking_fountain, uniq_edmund
D:6:      lemuel_round_altar, serial_shops, nicolae_shop_stone,
          nicolae_shop_trees, kennysheep_mini_moat, kennysheep_mini,
          nicolae_shop_window_shopping
D:8:      minmay_blocky_corners, grunt_temple_overflow_octagram,
          hangedman_pestilent_swarm
D:10:     serial_shops, nicolae_shop_trees, dk_yredelemnul_ordeal
D:11:     minmay_lair_entry_lava, grunt_decor_resistance, uniq_fannar
D:12:     david_orc_4, serial_co_window_serial, co_window_paths_b,
          co_window_paths_a, co_window_paths_a, co_window_corner_a,
          co_window_corner_a, co_window_paths_b, co_window_2corner,
          co_window_broadway_c, co_window_unsneaky_path_b, co_window_2corner,
          co_window_4corner_a, glass_columns_a, glass_columns_b,
          glass_columns_a, glass_columns_b, glass_columns_a, uniq_nergalle,
          uniq_psyche
D:13:     serial_shops, nicolae_shop_behind_doors
D:14:     david_vaults_1, minivault_16
D:15:     grunt_enter_depths_magical_seal, serial_shops,
          nicolae_shop_behind_doors, serial_bayou_lagoon_a
Temple:   cyrus_circular_temple
Lair:1:   serial_bayou_shore_b, uniq_sonja
Lair:2:   minmay_shoals_entry_beasts, grunt_megastairs_4, lemuel_fruit_tree,
          uniq_harold
Lair:3:   patterned_corridor
Lair:4:   spider_nest_entry_funnel_web
Lair:5:   minmay_slime_entry_oklob_open, kennysheep_rathole
Lair:6:   grunt_lair_end_beastmaster, serial_bayou_pond_a,
          grunt_forest_large_clearing_hut
Spider:2: portal_ice_cave_entry_ice_statue_one, spider_trap
Spider:3: nicolae_looking_at_the_future
Spider:4: grunt_spider_rune_parallel, uniq_arachne
Orc:1:    basic_altar, roderic_batcave
Orc:2:    st_orc_congregation, serial_shops, shop

Skill      XL: |  1  2  3  4  5  6  7  8  9 10 11 12 13 14 15 16 |
---------------+-------------------------------------------------+-----
Summonings     | 5 6 7 8 9 10 11 12 13 14 16 | 16.4
Spellcasting   | 3 4 5 6 8 9 10 | 10.5
Fighting       | 2 5 6 9 11 12 14 15 16 17 | 17.2
Air Magic      | 2 4 5 |  5.5
Dodging        | 6 8 9 10 11 12 | 12.2
Invocations    | 1 3 5 6 7 |  7.0
Shields        | 3 6 |  6.6
Ice Magic      | 4 |  4.8
Maces & Flails | 1 |  1.9
Short Blades   | 8 9 10 | 10.5
Translocations | 5 |  5.0
Stealth        | |  1.7

Action                   |  1- 3 |  4- 6 |  7- 9 | 10-12 | 13-15 | 16-18 || total
-------------------------+-------+-------+-------+-------+-------+-------++-------
Melee: Unarmed           |    55 |    22 |       |       |       |       ||    77
       Trident           |       |    19 |     7 |       |       |       ||    26
       Whip              |       |       |     8 |       |       |       ||     8
       Morningstar       |       |       |    63 |   269 |   143 |       ||   475
       Quick blade       |       |       |       |       |   680 |   312 ||   992
 Cast: Summon Small Mamm |    40 |    25 |    40 |    93 |    37 |       ||   235
       Call Imp          |    22 |    27 |    26 |    71 |    58 |       ||   204
       Call Canine Famil |    10 |    23 |    32 |    24 |    10 |       ||    99
       Summon Guardian G |       |     9 |    25 |    31 |    52 |     4 ||   121
       Summon Lightning  |       |       |     4 |    58 |   122 |    29 ||   213
       Summon Ice Beast  |       |       |     1 |    44 |    99 |    14 ||   158
       Swiftness         |       |       |       |     2 |     2 |     1 ||     5
       Shadow Creatures  |       |       |       |       |    36 |    27 ||    63
       Summon Demon      |       |       |       |       |     5 |    13 ||    18
       Summon Forest     |       |       |       |       |     2 |     3 ||     5
       Recall            |       |       |       |       |     2 |       ||     2
Invok: Ancestor Identity |       |       |     1 |       |     1 |       ||     2
       Ancestor Life: Kn |       |       |     1 |       |       |       ||     1
       Idealise          |       |       |       |     4 |    10 |     3 ||    17
       Recall Ancestor   |       |       |       |     3 |    12 |     1 ||    16
 Abil: Hop               |       |       |       |     4 |    12 |     4 ||    20
Evoke: Wand              |       |       |       |     1 |     1 |       ||     2
  Use: Scroll            |       |    10 |     5 |     8 |    16 |     3 ||    42
       Potion            |       |     2 |     2 |     7 |    11 |     7 ||    29
 Stab: Distracted        |     1 |     1 |     1 |     6 |    11 |     4 ||    24
       Sleeping          |     1 |       |     3 |    13 |     6 |       ||    23
       Invisible         |       |       |       |       |     3 |       ||     3
       Petrified         |       |       |       |       |     3 |       ||     3
  Eat: Chunk             |     9 |    11 |    19 |    31 |    69 |     7 ||   146
       Royal jelly       |     1 |     2 |     2 |     4 |       |       ||     9
       Fruit             |       |       |     1 |     3 |     4 |     1 ||     9
       Bread ration      |       |       |       |     1 |     5 |     4 ||    10
Armor: Leather armour    |    45 |    35 |    30 |    67 |    84 |    23 ||   284
       Robe              |     6 |       |       |       |       |       ||     6
       Skin              |       |       |       |       |   135 |       ||   135
       Pearl dragon scal |       |       |       |       |       |   124 ||   124
Dodge: Dodged            |    83 |    53 |    70 |   359 |   504 |   186 ||  1255
Block: Buckler           |    31 |    33 |    47 |   144 |   303 |   105 ||   663
